 Dungeon Crawl Stone Soup version 0.30.1-11-g7821555f0a (webtiles) character file.

Game seed: 4596968122292408217

7103 cowcol the Cleaver (level 10, -9/93 HPs)
             Began as a Minotaur Fighter on Jan 11, 2024.
             Mangled by Grum
             ... wielding a +0 glaive of protection
              (10 damage)
             ... on level 9 of the Dungeon.
             The game lasted 00:18:42 (9291 turns).

cowcol the Cleaver (Minotaur Fighter)               Turns: 9291, Time: 00:18:42

Health: -9/93      AC: 15    Str: 30    XL:     10   Next: 84%
Magic:  0/9        EV:  9    Int:  5    God:
Gold:   495        SH:  4    Dex: 11    Spells: 9/9 levels left

rFire   . . .        a - +0 war axe
rCold   . . .        c - +0 buckler
rNeg    . . .        f - +0 chain mail
rPois   .            (helmet restricted)
rElec   .            j - +0 cloak
rCorr   .            s - +0 pair of gloves
SInv    .            (no boots)
Will    .....        l - amulet of guardian spirit Stlth
                     h - +6 ring of strength
HPRegen 0.35/turn    (no ring)
MPRegen 0.11/turn

%: guardian spirit
@: no status effects
A: horns 2, retaliatory headbutt
a: no special abilities


You were on level 9 of the Dungeon.
You visited 2 branches of the dungeon, and saw 10 of its levels.

You collected 495 gold pieces.

Inventory:

Hand Weapons
 a - a +0 war axe (weapon)
Missiles
 m - 47 poisoned darts (quivered)
Armour
 c - a +0 buckler (worn)
 f - a +0 chain mail (worn)
 j - a +0 cloak (worn)
 s - a +0 pair of gloves (worn)
Jewellery
 h - a +6 ring of strength (left hand)
 i - a +6 ring of intelligence
 l - an amulet of guardian spirit (around neck)
 D - a ring of see invisible
Wands
 x - a wand of paralysis (13)
 y - a wand of mindburst (20)
 E - a wand of digging (5)
Scrolls
 d - a scroll of enchant weapon {unknown}
 e - a scroll of teleportation
 k - a scroll of blinking
 o - 2 scrolls of immolation
 p - 2 scrolls of amnesia
 u - 3 scrolls of identify
 A - a scroll of enchant armour {unknown}
 B - a scroll of magic mapping
 C - a scroll of butterflies {unknown}
Potions
 b - a potion of brilliance {unknown}
 g - 7 potions of curing
 n - a potion of resistance {unknown}
 q - a potion of lignification
 r - 3 potions of mutation {unknown}
 t - 4 potions of ambrosia
 v - 2 potions of heal wounds {unknown}
 w - a potion of berserk rage {unknown}
 z - 2 potions of flight {unknown}


   Skills:
 + Level 9.8 Fighting
 + Level 14.3 Axes
 - Level 1.0 Throwing
 + Level 11.0 Armour
 - Level 4.0 Shields


You had 9 spell levels left.
You didn't know any spells.
Your spell library contained the following spells:

 Spells                   Type           Power      Damage    Failure   Level
 Lesser Beckoning         Tloc           0%         N/A       96%         2
 Gell's Gravitas          Tloc           0%         N/A       99%         3
 Teleport Other           Tloc           0%         N/A       99%         3


Dungeon Overview and Level Annotations

Branches:
Dungeon (9/15)             Temple (1/1) D:4
   Lair: D:8-11         Orc: D:9-12

Altars:
Ashenzari
Cheibriados
Dithmenos
Elyvilon
Fedhas
Gozag
Hepliaklqana
Kikubaaqudgha
Makhleb
Nemelex Xobeh
Qazlal
Ru
Sif Muna
Trog
Uskayaw
Wu Jian
Yredelemnul
Zin
The Shining One

Shops:
D:7 (

Annotations:
D:9 Grum


Innate Abilities, Weirdness & Mutations

You have a pair of horns on your head.
You reflexively headbutt those who attack you in melee.


Message History

You headbutt the killer bee!
The killer bee stings you but does no damage.
Grum drinks a potion.
Grum seems to grow stronger.
You hit the killer bee.
You kill the killer bee!
You feel sick. You block Grum's attack.
You feel sick.
Grum hits you with a +0 glaive of protection.
You see here a killer bee corpse.
You slash Grum! You headbutt Grum, but do no damage.
Grum is moderately wounded.
You feel sick.
You closely miss Grum.
Grum is moderately wounded.
You feel sick.
Grum hits you with a +0 glaive of protection!!
* * * LOW HITPOINT WARNING * * *
The howler monkey hoots and howls with incredible vigour!
You barely miss Grum.
Grum is moderately wounded.
You feel sick.
Grum hits you with a +0 glaive of protection!
* * * LOW HITPOINT WARNING * * *
You slash Grum!
Grum is moderately wounded.
You feel sick.
Grum hits you with a +0 glaive of protection!
* * * LOW HITPOINT WARNING * * *
Unknown command.
Okay, then.
Blink to where?
Press: ? - help, Dir - move target, f - you
Okay, then.
You feel better.
Grum hits you with a +0 glaive of protection!
* * * LOW HITPOINT WARNING * * *
Unknown command.
Grum attacks as you move away! You block Grum's attack.
Grum hits you from afar with a +0 glaive of protection!
You die...

#######'##
#...#
#.### #.#
#h# #c#
#g# #†#
#@# #.#
#.# #.#
#####'####
#[.......#
#....^...#
#........#
#........#


You could see Grum (strong), a centaur and a howler monkey.

Vanquished Creatures
  A kobold demonologist (D:6)
  A queen bee (D:9)
  Prince Ribbit (D:7)
  Sigmund (D:2)
  A wyvern (D:7)
  6 yaks (D:8)
  3 vampire mosquitoes (D:7)
  2 steam dragons
  2 water moccasins
  2 orc warriors
  An ice beast (D:7)
  A sky beast (D:8)
  2 black bears
  4 wolves (D:9)
  4 ogres
  2 centaurs
  3 kobold brigands
  A phantom (D:6)
  2 bullfrogs
  5 scorpions
  8 wights (D:7)
  26 killer bees (D:9)
  3 howler monkeys
  5 hounds
  6 jellies
  Jessica (D:2)
  3 iguanas (D:7)
  4 gnolls
  10 adders
  A shadow imp (D:5)
  2 white imps (D:7)
  2 ufetubi (D:5)
  3 dart slugs
  10 orcs
  8 bats
  10 endoplasms
  3 giant cockroaches
  A goblin (D:4)
  7 hobgoblins
  3 jackals (D:1)
  31 kobolds
  2 quokkas
  7 ball pythons
  5 frilled lizards
  7 rats
213 creatures vanquished.

Notes
Turn   | Place    | Note
-------+----------+-------------------------------------------
     0 | D:1      | cowcol the Minotaur Fighter began the quest for the Orb.
     0 | D:1      | Reached XP level 1. HP: 19/19 MP: 0/0
   144 | D:1      | Reached XP level 2. HP: 27/27 MP: 1/1
   987 | D:2      | Noticed Jessica
   992 | D:2      | Killed Jessica
   993 | D:2      | Reached skill level 3 in Axes
   993 | D:2      | Reached XP level 3. HP: 32/33 MP: 2/2
  1020 | D:2      | Noticed Sigmund
  1078 | D:2      | Killed Sigmund
  1079 | D:2      | Reached skill level 4 in Axes
  1079 | D:2      | Reached skill level 5 in Armour
  1079 | D:2      | Reached XP level 4. HP: 24/41 MP: 3/3
  1079 | D:2      | Reached XP level 5. HP: 28/47 MP: 4/4
  1653 | D:2      | Found a faded altar of an unknown god.
  2085 | D:2      | Reached skill level 5 in Fighting
  2085 | D:2      | Reached skill level 5 in Axes
  2085 | D:2      | Reached XP level 6. HP: 45/56 MP: 3/5
  2556 | D:3      | Found an ornate altar of the Wu Jian Council.
  2556 | D:3      | Found a burning altar of Makhleb.
  2579 | D:3      | Reached skill level 6 in Axes
  2975 | D:4      | Reached XP level 7. HP: 61/61 MP: 6/6
  3388 | D:4      | Reached skill level 7 in Axes
  3738 | D:4      | Found a staircase to the Ecumenical Temple.
  3744 | Temple   | Entered the Ecumenical Temple
  4097 | D:5      | Entered Level 5 of the Dungeon
  4231 | D:5      | Identified the +3 chain mail of Baserghu {-Tele Int+2
                  | Dex+4}
  4258 | D:5      | Reached skill level 8 in Axes
  4316 | D:5      | Reached XP level 8. HP: 68/70 MP: 7/7
  5202 | D:6      | Reached skill level 9 in Axes
  5213 | D:6      | Reached skill level 1 in Throwing
  5435 | D:6      | Found a glowing silver altar of Zin.
  5435 | D:6      | Found a basalt altar of Yredelemnul.
  5494 | D:6      | Found a hide-covered altar of Uskayaw.
  5569 | D:6      | Found a glowing golden altar of the Shining One.
  5621 | D:6      | Reached skill level 10 in Axes
  5685 | D:6      | Noticed a kobold demonologist
  5688 | D:6      | Reached XP level 9. HP: 78/78 MP: 8/8
  5688 | D:6      | Noticed an ice devil
  5692 | D:6      | Noticed an ice devil
  5697 | D:6      | Killed a kobold demonologist
  6063 | D:7      | Reached skill level 11 in Axes
  6648 | D:7      | Found an opulent altar of Gozag.
  6739 | D:7      | Found Urodav's Firing Range.
  6902 | D:7      | Reached skill level 12 in Axes
  7255 | D:7      | Noticed Prince Ribbit
  7258 | D:7      | Killed Prince Ribbit
  7461 | D:7      | Reached XP level 10. HP: 88/88 MP: 9/9
  7571 | D:7      | Found a stormy altar of Qazlal.
  8181 | D:8      | Reached skill level 10 in Armour
  8227 | D:8      | Reached skill level 13 in Axes
  8489 | D:8      | Identified the +5 dagger of Baostuon {freeze, +Blink Int-5
                  | Stlth+}
  8734 | D:9      | Reached skill level 14 in Axes
  9261 | D:9      | Noticed Grum
  9289 | D:9      | HP: 1/93 [Grum/+0 glaive of protection (13)]
  9291 | D:9      | Mangled by Grum

Illustrated notes

Levels and vault maps discovered:
D:1:      minmay_arrival_plants_in_alcoves, layout_loops_ring, serial_forest,
          infiniplex_forest_clump_tiny, infiniplex_forest_lined_2,
          infiniplex_forest_end_double, infiniplex_forest_straight_2,
          infiniplex_forest_lined_2, infiniplex_forest_straight_5,
          infiniplex_forest_clump_cross, infiniplex_forest_end_2
D:2:      cheibrodos_fertilizer, layout_basic,
          shapermc_ecumenical_altar_mp_urbaneastern, serial_curves,
          eino_curves_01, eino_curves_01, st_stairs_5, roderic_serpentine_path,
          uniq_sigmund, uniq_jessica
D:3:      layout_rooms, jmf_multi_god_temple, kennysheep_generic_room_15
D:4:      layout_loops_ring, minmay_temple_entry_fiery
D:5:      layout_cave_pods, minmay_checkerbox
D:6:      minmay_angry_zag, layout_basic, tso_oasis_becter,
          gammafunk_temple_overflow_elements,
          nicolae_uskayaw_murder_on_the_dancefloor
D:7:      layout_layer_cave, nicolae_gozag_cash_rules_everything_around_me,
          mainiacjoe_overflow_chevrons, nicolae_shop_firing_range,
          uniq_prince_ribbit1
D:8:      layout_rooms
D:9:      layout_roguey [special_room_bee], okawaru_humans,
          kennysheep_cross_bottleneck, uniq_grum
Temple:   chequers_temple_sunken

Skill      XL: |  1  2  3  4  5  6  7  8  9 10 |
---------------+-------------------------------+-----
Shields        | 4 |  4.0
Fighting       | 4 5 6 8 9 |  9.8
Armour         | 4 5 6 7 8 9 11 | 11.0
Axes           | 3 4 5 6 8 10 12 14 | 14.3
Throwing       | 1 |  1.0

Action                     |  1- 3 |  4- 6 |  7- 9 | 10-12 || total
---------------------------+-------+-------+-------+-------++-------
  Melee: War axe           |    74 |   104 |   229 |   206 ||   613
         Headbutt          |    14 |    21 |    38 |    30 ||   103
  Throw: Dart              |       |       |     4 |       ||     4
    Use: Potion            |     1 |       |     2 |     1 ||     4
         Scroll            |       |     5 |     4 |     1 ||    10
 Armour: Scale mail        |    27 |    32 |    29 |       ||    88
         Chain mail        |       |       |    88 |   119 ||   207
         Skin              |       |       |     5 |       ||     5
  Dodge: Dodged            |    34 |    54 |   110 |    94 ||   292
  Block: Buckler           |    12 |    24 |    60 |    54 ||   150
